AoeStats
← Aldiiitox HxC

Arabia

508147661Analyzed
3v3 RM · 13d ago on Sep 21, 2026· 33m 10s· 6 players
Game mode
Random Map
Map size
Normal (6 player)
Population
200
Speed
Normal
Resources
Standard
Victory
Conquest
Starting age
Dark Age
Ending age
Imperial Age
RankedLock teamsTeams togetherTeam positionsShared explorationLock speedFull tech treeHidden civsTurbo modeCheats
Victory
Defeat
🇨🇷 Chinese · Costa Rica
1023
+13
🇨🇷 Vietnamese · Costa Rica
979
+15
🇨🇷 Romans · Costa Rica
952
+16
🇨🇱 Maya · Chile
1029
-17
🇨🇱 Mongols · Chile
939
-14
🇨🇱 Vietnamese · Chile
907
-13
KR0N0S-
7:13 Loom
10:32 Feudal Age
11:10 Double-Bit Axe
18:44 Castle Age
18:08 Horse Collar
18:23 Fletching
18:33 Padded Archer Armor
28:52 Elite Skirmisher
29:34 Heavy Plow
30:16 Wheelbarrow
29:57 Bodkin Arrow
30:02 Padded Archer Armor
32:19 Hand Cart
Aldiiitox HxC
12:32 Feudal Age
13:06 Man-at-Arms
16:31 Horse Collar
27:35 Castle Age
25:56 Padded Archer Armor
25:47 Fletching
26:30 Gold Mining
26:31 Double-Bit Axe
27:09 Scale Mail Armor
27:45 Stone Mining
27:39 Elite Skirmisher
27:43 Long Swordsman
pattox17
0:42 Loom
11:05 Feudal Age
12:21 Double-Bit Axe
21:00 Fletching
22:31 Horse Collar
28:59 Castle Age
Spectreassassin
7:47 Loom
10:28 Feudal Age
13:11 Man-at-Arms
15:30 Double-Bit Axe
16:14 Horse Collar
24:24 Castle Age
23:45 Wheelbarrow
23:32 Gold Mining
23:47 Scale Mail Armor
23:57 Forging
25:46 Long Swordsman
27:41 Squires
Mc_Patatas
0:36 Loom
10:01 Feudal Age
10:48 Double-Bit Axe
16:20 Wheelbarrow
15:31 Horse Collar
17:00 Fletching
24:04 Castle Age
22:50 Scale Barding Armor
24:18 Crossbowman
25:06 Thumb Ring
26:56 Bodkin Arrow
28:53 Padded Archer Armor
32:42 Leather Archer Armor
EmperorofMayhem94
3:10 Loom
11:48 Feudal Age
13:38 Double-Bit Axe
14:25 Bloodlines
20:13 Forging
21:57 Scale Barding Armor
21:59 Horse Collar
27:31 Castle Age
28:20 Husbandry
29:03 Iron Casting
33:58 Chain Barding Armor
Connection lost

Rejoining the realm…

Still unreachable

The connection could not be restored.

Session expired

The server has moved on; the page needs a fresh start.